 Dungeon Sprint DCSS version 0.27-a0-633-gc6addc0a40 (webtiles) character file.

Game seed: 9752978772215924994

13577 mhtbhm the Severer (level 12, -28/111 HPs)
             Began as a Human Berserker on Mar 13, 2021.
             Was the Champion of Trog.
             Killed from afar by a deep elf annihilator (52 damage)
             ... with a crystal spear
             ... in the Dungeon (Sprint III: "The Ten Rune Challenge").
             The game lasted 00:05:42 (3681 turns).

mhtbhm the Severer (Human Berserker)                Turns: 3681, Time: 00:05:43

Health: -28/111    AC:  6    Str: 26    XL:     12   Next: 34%
Magic:  4/12       EV: 16    Int:  7    God:    Trog [******]
Gold:   2387       SH:  0    Dex: 14    Spells: 11/11 levels left

rFire    + . .     SeeInvis .   a - +8 battleaxe of Human's Curse {vorpal, Str+2}
rCold    . . .     Faith    .   (shield currently unavailable)
rNeg     . . .     Spirit   .   b - +2 robe {rF+}
rPois    .         Reflect  .   s - +2 hat
rElec    .         Harm     .   (no cloak)
rCorr    .         Rampage  .   (no gloves)
Will     .....     NoTele   +   (no boots)
Stlth    ++++......             (no amulet)
HPRegen  0.28/turn              (no ring)
MPRegen  0.13/turn              (no ring)

@: berserk cooldown, slowed, very slow
A: agile 1, MP-powered wands
a: Renounce Religion, Berserk, Trog's Hand, Brothers in Arms


You were in the Dungeon.
You worshipped Trog.
Trog was exalted by your worship.
You visited 1 branch You collected 2541 gold pieces.
You spent 154 gold pieces at shops.

Inventory:

Hand Weapons
 a - the +8 battleaxe of Human's Curse (weapon) {vorpal, Str+2}
   (Trog gifted it to you in the Dungeon)

   It inflicts extra damage upon your enemies.
   It affects your strength (+2).
Missiles
 q - 7 javelins
 r - 5 curare-tipped darts (quivered)
Armour
 b - a +2 robe of fire resistance (worn)
 s - a +2 hat (worn)
Scrolls
 h - a scroll of blinking
 i - 2 scrolls of immolation {unknown}
 j - 2 scrolls of identify {unknown}
Potions
 c - 2 potions of curing
 e - a potion of haste
 f - 3 potions of magic
 g - a potion of berserk rage
 k - 2 potions of flight
 l - 4 potions of mutation
 o - a potion of attraction {unknown}
 p - a potion of brilliance {unknown}
Miscellaneous
 m - a phantom mirror


   Skills:
 + Level 16.1 Fighting
 + Level 19.7 Axes
 + Level 5.6 Armour
 + Level 9.8 Dodging
 + Level 9.1 Stealth
 + Level 0.7 Evocations


You had 11 spell levels left.
You didn't know any spells.
Your spell library was empty.

Dungeon Overview and Level Annotations

Branches:
Dungeon (1/1)

Altars:
Cheibriados
Dithmenos
Elyvilon
Fedhas
Gozag
Hepliaklqana
Kikubaaqudgha
Makhleb
Nemelex Xobeh
Okawaru
Qazlal
Ru
Sif Muna
Trog
Uskayaw
Vehumet
Wu Jian
Xom
Yredelemnul
Zin
The Shining One
Beogh
Jiyva
Lugonu

Shops:
D *


Innate Abilities, Weirdness & Mutations

You are agile. (Dex +2)
You expend magic power (3 MP) to strengthen your wands.


Message History

Press: ? - help, Q - select action, (/) - cycle Shift-Dir - straight line, f - deep elf annihilator
Aim: a deep elf annihilator, wearing a +0 robe (heavily wounded, spells empowered, 58% to hit)
You throw a curare-tipped dart.
The curare-tipped dart hits the deep elf annihilator.
The deep elf annihilator is poisoned.
The deep elf annihilator convulses.
The deep elf annihilator seems to slow down.
The deep elf annihilator is heavily wounded.
The deep elf annihilator casts a spell.
The deep elf annihilator blinks!
Unknown command.
The deep elf annihilator seems less brilliant.
Unknown command.
Throw: 6 darts (curare)
Press: ? - help, Q - select action, (/) - cycle Shift-Dir - straight line, f/p - deep elf annihilator
Aim: a deep elf annihilator, wearing a +0 robe (heavily wounded, very poisoned, slow, fire blocked by a translucent rock wall, 58% to hit)
There's something in the way.
Okay, then.
Unknown command.
Unknown command.
Throw: 6 darts (curare)
Press: ? - help, Q - select action, (/) - cycle Shift-Dir - straight line, f/p - deep elf annihilator
Aim: a deep elf annihilator, wearing a +0 robe (heavily wounded, very poisoned, slow, fire blocked by a translucent rock wall, 58% to hit)
Okay, then.
Unknown command.
Throw: 6 darts (curare)
Press: ? - help, Q - select action, (/) - cycle Shift-Dir - straight line, f/p - deep elf annihilator
Aim: a deep elf annihilator, wearing a +0 robe (severely wounded, very poisoned, slow, 58% to hit)
You throw a curare-tipped dart.
The curare-tipped dart misses the deep elf annihilator.
The deep elf annihilator is no longer moving slowly.
You barely miss the deep elf annihilator.
The deep elf annihilator is severely wounded.
The deep elf annihilator hits you!
* * * LOW HITPOINT WARNING * * *
Unknown command.
You closely miss the deep elf annihilator.
The deep elf annihilator is severely wounded.
The deep elf annihilator points at you and mumbles some strange words.
The crystal spear hits you!!!
You die... ▓▓▓ ###########.########## ### _#__##..#.##...'.#...# ...' )#._#..........#.#...##≈≈≈≈# ##)##.)†.......#@#)..≈≈≈.... ....#)))......##e#)).##≈≈≈≈# ....#)#)∩...####)(.).# e)e

###'#))#..### ####### #
#...#)###########################
#...#....#.#.#)....#.^..^^)†).≈≈#
#...##.#..#.##.###.#^^...)#††.≈≈#
#...'##)#.#.##.#.)##......#...≈≈≈
'...#..)#..#..##.)'.......#...≈≈≈


You could see a deep elf annihilator (poisoned).

Vanquished Creatures
  Dowan (D)
  A deep elf high priest (D)
  Erolcha (D)
  An orc high priest (D)
  Urug (D)
  A lindwurm (D)
  3 deep elf zephyrmancers (D)
  3 deep elf pyromancers (D)
  Duvessa (D)
  2 cane toads (D)
  A rime drake (D)
  A komodo dragon (D)
  A queen bee (D)
  3 wandering mushrooms (D)
  2 tyrant leeches (D)
  A shadow (D)
  5 redbacks (D)
  A spatial vortex (D)
  A swamp drake (D)
  An orc warrior (D)
  A necrophage (D)
  5 two-headed ogres (D)
  A water elemental (D)
  32 killer bees (D)
  5 orc priests (D)
  A jelly (D)
  A wizard (D)
  Jessica (D)
  A necromancer (D)
  A kobold demonologist (D)
  3 humans (D)
  A wolf (D)
  11 orcs (D)
  3 rats (D)
99 creatures vanquished.

Vanquished Creatures (others)
  A hydra (D)
  2 plants (D)
3 creatures vanquished.

Grand Total: 102 creatures vanquished

Notes
Turn   | Place    | Note
-------+----------+-------------------------------------------
     0 | D        | mhtbhm the Human Berserker began the quest for the Orb.
     0 | D        | Reached XP level 1. HP: 18/18 MP: 1/1
    33 | D        | Noticed Jessica
    39 | D        | Killed Jessica
    39 | D        | Reached ** piety under Trog
    40 | D        | Reached skill level 4 in Axes
    40 | D        | Reached XP level 2. HP: 11/26 MP: 2/2
    40 | D        | Reached XP level 3. HP: 13/31 MP: 3/3
   261 | D        | Reached skill level 5 in Fighting
   261 | D        | Reached skill level 5 in Axes
   267 | D        | Reached *** piety under Trog
   268 | D        | Reached XP level 4. HP: 39/39 MP: 4/4
   291 | D        | Gained mutation: You are agile. (Dex +2) [potion of
                  | mutation]
   291 | D        | Gained mutation: You expend magic power (3 MP) to
                  | strengthen your wands. [potion of mutation]
   342 | D        | Noticed a water elemental
   347 | D        | Killed a water elemental
   348 | D        | Reached skill level 6 in Axes
   348 | D        | Reached XP level 5. HP: 47/47 MP: 5/5
   434 | D        | Found a glowing silver altar of Zin.
   434 | D        | Found a glowing golden altar of the Shining One.
   434 | D        | Found a white marble altar of Elyvilon.
   435 | D        | Noticed a deep elf pyromancer
   449 | D        | Killed a deep elf pyromancer
   450 | D        | Reached skill level 10 in Axes
   450 | D        | Reached skill level 5 in Dodging
   450 | D        | Reached skill level 1 in Stealth
   450 | D        | Reached XP level 6. HP: 58/58 MP: 6/6
   450 | D        | Reached XP level 7. HP: 64/64 MP: 7/7
   503 | D        | Found a hide-covered altar of Uskayaw.
   503 | D        | Found an iron altar of Okawaru.
   503 | D        | Found a bloodstained altar of Trog.
   503 | D        | Found an ornate altar of the Wu Jian Council.
   503 | D        | Noticed a human
   504 | D        | Noticed a human
   513 | D        | Killed a human
   513 | D        | Reached **** piety under Trog
   514 | D        | Reached skill level 11 in Axes
   514 | D        | Reached skill level 5 in Armour
   518 | D        | Killed a human
   519 | D        | Reached skill level 10 in Fighting
   519 | D        | Reached XP level 8. HP: 72/72 MP: 8/8
   554 | D        | Found a basalt altar of Yredelemnul.
   554 | D        | Found a shadowy altar of Dithmenos.
   554 | D        | Found a sacrificial altar of Ru.
   575 | D        | Reached skill level 12 in Axes
   702 | D        | Killed a four-headed hydra
   736 | D        | Found a radiant altar of Vehumet.
   736 | D        | Found a shimmering blue altar of Sif Muna.
   736 | D        | Found an ancient bone altar of Kikubaaqudgha.
   738 | D        | Reached ***** piety under Trog
   774 | D        | Noticed a shadow
   783 | D        | Killed a shadow
   976 | D        | Found a blossoming altar of Fedhas.
   976 | D        | Found a stormy altar of Qazlal.
   976 | D        | Found a snail-covered altar of Cheibriados.
   976 | D        | Found a burning altar of Makhleb.
   976 | D        | Found a shimmering altar of Xom.
   977 | D        | Found a hazy altar of Hepliaklqana.
   977 | D        | Found an opulent altar of Gozag.
   977 | D        | Found a sparkling altar of Nemelex Xobeh.
   977 | D        | Found a corrupted altar of Lugonu.
   977 | D        | Found a viscous altar of Jiyva.
  1153 | D        | Received a gift from Trog
  1156 | D        | Reached skill level 13 in Axes
  1156 | D        | Reached XP level 9. HP: 79/79 MP: 9/9
  1253 | D        | Noticed a two-headed ogre
  1264 | D        | Killed a two-headed ogre
  1525 | D        | Noticed a two-headed ogre
  1525 | D        | Noticed Erolcha
  1531 | D        | Killed a two-headed ogre
  1532 | D        | Reached skill level 14 in Axes
  1539 | D        | Killed Erolcha
  1540 | D        | Reached skill level 15 in Axes
  1540 | D        | Reached XP level 10. HP: 46/89 MP: 10/10
  1818 | D        | Reached ****** piety under Trog
  1819 | D        | Reached skill level 16 in Axes
  1996 | D        | Noticed a cane toad
  1996 | D        | Noticed a komodo dragon
  1996 | D        | Noticed a cane toad
  2001 | D        | Killed a cane toad
  2003 | D        | Killed a cane toad
  2003 | D        | Received a gift from Trog
  2006 | D        | Killed a komodo dragon
  2243 | D        | Noticed a rime drake
  2253 | D        | Killed a rime drake
  2347 | D        | Reached skill level 17 in Axes
  2532 | D        | Received a gift from Trog
  2634 | D        | Noticed a lindwurm
  2643 | D        | Killed a lindwurm
  2644 | D        | Reached skill level 5 in Stealth
  2644 | D        | Reached XP level 11. HP: 70/98 MP: 11/11
  2741 | D        | Noticed Urug
  2748 | D        | Killed Urug
  2989 | D        | Noticed Duvessa
  2990 | D        | Noticed Dowan
  2998 | D        | Killed Dowan
  2999 | D        | Reached skill level 18 in Axes
  3003 | D        | Killed Duvessa
  3261 | D        | Received a gift from Trog
  3276 | D        | Received a gift from Trog
  3283 | D        | Received a gift from Trog
  3293 | D        | Identified the +8 battleaxe of Human's Curse {vorpal,
                  | Str+2} (Trog gifted it to you in the Dungeon)
  3293 | D        | Received a gift from Trog
  3299 | D        | Reached skill level 15 in Fighting
  3378 | D        | Noticed an orc high priest
  3379 | D        | Found Ariviesi's Assorted Antiques.
  3384 | D        | Received a gift from Trog
  3391 | D        | Killed an orc high priest
  3391 | D        | Received a gift from Trog
  3392 | D        | Reached skill level 19 in Axes
  3506 | D        | Bought a runed hat for 154 gold pieces
  3535 | D        | Noticed a deep elf pyromancer
  3535 | D        | Noticed a deep elf pyromancer
  3535 | D        | Noticed a deep elf zephyrmancer
  3535 | D        | Noticed a deep elf zephyrmancer
  3535 | D        | Noticed a deep elf zephyrmancer
  3543 | D        | Noticed a deep elf annihilator
  3544 | D        | Killed a deep elf zephyrmancer
  3544 | D        | Received a gift from Trog
  3545 | D        | Reached XP level 12. HP: 110/110 MP: 12/12
  3545 | D        | Noticed a deep elf annihilator
  3624 | D        | Noticed a deep elf high priest
  3630 | D        | Received a gift from Trog
  3649 | D        | Noticed a deep elf death mage
  3653 | D        | Killed a deep elf high priest
  3653 | D        | Noticed a deep elf master archer
  3681 | D        | Killed from afar by a deep elf annihilator

Illustrated notes

Levels and vault maps discovered:
D:        dungeon_sprint_mu [sprint_mu_entry_cave, sprint_mu_temple_rooms,
          sprint_mu_d1_spiders, sprint_mu_d2_genie, sprint_mu_d3_branching,
          sprint_mu_orc_legion, sprint_mu_elf_gauntlet, sprint_mu_hive_nellie,
          sprint_mu_lair_fedhas, sprint_mu_vaults_butterflies,
          sprint_mu_slime_circle, sprint_mu_swamp_cave, sprint_mu_snake_twists,
          sprint_mu_blade_basic, sprint_mu_crypt_chambers,
          sprint_mu_tomb_spiral, sprint_mu_vestibule_basic,
          sprint_mu_gehenna_hellfire, sprint_mu_dis_giant,
          sprint_mu_tartarus_statrot, sprint_mu_cocytus_islands, sprint_mu_zot1]

Skill      XL: |  1  2  3  4  5  6  7  8  9 10 11 12 |
---------------+-------------------------------------+-----
Fighting       | 4 5 6 9 10 12 13 15 16 | 16.1
Axes           | 4 5 6 10 11 13 15 17 19 | 19.7
Dodging        | 3 5 6 7 8 9 |  9.8
Armour         | 3 4 5 |  5.6
Stealth        | 1 2 3 5 8 9 |  9.1
Evocations     | |  0.7

Action                   |  1- 3 |  4- 6 |  7- 9 | 10-12 || total
-------------------------+-------+-------+-------+-------++-------
Melee: Hand axe          |    21 |    17 |    66 |       ||   104
       War axe           |       |       |    20 |   115 ||   135
       Battleaxe         |       |       |       |    30 ||    30
Throw: Dart              |       |       |       |     2 ||     2
Invok: Berserk           |     2 |     2 |     7 |    10 ||    21
       Brothers in Arms  |       |       |       |     1 ||     1
Evoke: Wand              |       |       |       |     5 ||     5
  Use: Potion            |       |     1 |       |     2 ||     3
 Stab: Sleeping          |       |       |     1 |     2 ||     3
       Confused          |       |       |       |     1 ||     1
Armor: Animal skin       |     2 |       |       |       ||     2
       Robe              |     1 |       |     2 |     5 ||     8
Dodge: Dodged            |    12 |     3 |    34 |    76 ||   125

Table legend: (Time is in decaauts)
 A = Elapsed time spent in this place.
 B = Non-inter-level travel time spent in this place.
 C = Inter-level travel time spent in this place.
 D = Time resting spent in this place.
 E = Time spent auto-exploring this place.
 F = Levels seen in this place.
 G = Mean time per level.
                   A        B        C        D        E       F      G
               +--------+--------+--------+--------+--------+-----+--------+
         Total |   3813 |   3813 |      0 |   3010 |     12 |   1 | 3813.0 |
       Dungeon |   3813 |   3813 |      0 |   3010 |     12 |   1 | 3813.0 |
               +--------+--------+--------+--------+--------+-----+--------+

Top non-repeatable levels by time:
       D: 3813 daAuts
